 Dungeon Crawl Stone Soup version 0.31-a0-986-g5e6e4ef867 (webtiles) character file.

Game seed: 11905039987168974282

49 IdlyInterested the Trooper (level 3, -3/30 HPs)
             Began as a Demonspawn Fighter on Nov 8, 2023.
             Slain by a gnoll
             ... wielding a +0 spear
              (8 damage)
             ... on level 2 of the Dungeon.
             The game lasted 00:03:23 (1055 turns).

IdlyInterested the Trooper (Demonspawn Fighter)     Turns: 1055, Time: 00:03:24

Health: -3/30      AC:  6    Str: 18    XL:     3   Next: 53%
Magic:  3/3        EV:  6    Int:  9    God:
Gold:   62         SH: 16    Dex: 12    Spells: 2/2 levels left

rFire   + .          .
                       - Unarmed
rCold   . . .        g - +0 tower shield
rNeg    . . .        a - +0 scale mail
rPois   .            (no helmet)
rElec   .            (no cloak)
rCorr   +            (no gloves)
SInv    .            (no boots)
Will    .....        (no amulet) Stlth
                     f - ring of resist corrosion
HPRegen 0.25/turn    j - ring of protection from fire
MPRegen 0.08/turn

%: no passive effects
@: no status effects
A: condensation shield, weakness stinger 1
a: no special abilities


You were on level 2 of the Dungeon.
You visited 1 branch of the dungeon, and saw 2 of its levels.

You collected 62 gold pieces.

Inventory:

Hand Weapons
 k - a +0 hand axe
Missiles
 e - 6 poisoned darts
Armour
 a - a +0 scale mail (worn)
 b - a +0 buckler
 g - a +0 tower shield (worn)
Jewellery
 f - a ring of resist corrosion (left hand)
 j - a ring of protection from fire (right hand)
Scrolls
 d - a scroll of immolation
 i - a scroll of identify {unknown}
 l - a scroll of brand weapon {unknown}
Potions
 c - a potion of might
 h - a potion of cancellation


   Skills:
 + Level 3.7 Fighting
 - Level 3.0 Armour
 - Level 1.0 Dodging
 - Level 1.0 Stealth
 - Level 2.6 Shields
 - Level 1.7 Unarmed Combat
 - Level 1.0 Evocations


You had 2 spell levels left.
You didn't know any spells.
Your spell library was empty.

Dungeon Overview and Level Annotations

Branches:
Dungeon (2/15)

Altars:


Innate Abilities, Weirdness & Mutations

A meltable shield of frost defends you. (SH +4)
You have a small tail.


Message History

You hit the gnoll.
The gnoll is severely wounded.
You block the gnoll's attack. x2
You hit the gnoll but do no damage. You tail-slap the gnoll.
You kill the gnoll!
You block the gnoll's attack. The gnoll attacks as it pursues you!
The gnoll hits you from afar with a +0 spear.
The gnoll attacks as it pursues you! You block the gnoll's attack.
The gnoll attacks as it pursues you!
The gnoll hits you from afar with a +0 spear.
The gnoll closely misses you.
You hit the gnoll. You tail-slap the gnoll.
The gnoll is heavily wounded.
The gnoll hits you but does no damage. You block the gnoll's attack.
The gnoll barely misses you. The gnoll hits you with a +0 spear.
* * * LOW HITPOINT WARNING * * *
You closely miss the gnoll.
The gnoll is heavily wounded.
You block the gnoll's attack. The gnoll hits you but does no damage.
You hit the gnoll. You tail-slap the gnoll.
The gnoll is severely wounded.
The gnoll barely misses you. You block the gnoll's attack.
You hit the gnoll.
The gnoll is almost dead.
The gnoll hits you but does no damage. You block the gnoll's attack.
You hit the gnoll.
You kill the gnoll!
You block the gnoll's attack. The gnoll hits you but does no damage.
Training target 1.0 for Evocations reached!
Your Evocations skill increases to level 1!
You block the gnoll's attack.
You see here a +0 spear.
You hit the gnoll but do no damage. You block the gnoll's attack.
You closely miss the gnoll. The gnoll hits you with a +0 spear.
* * * LOW HITPOINT WARNING * * *
You aren't carrying any items that you can evoke.
You closely miss the gnoll. You block the gnoll's attack.
The gnoll hits you with a +0 spear!
You die...

#
..##############....
...........@g)......
..###.#.############
...........#.#
#####.#.#....#
#......#.# #####
#........# #...#
#..###.########.#.#
#..#............#.#
#..#.#.##########.##


You could see a gnoll.

Vanquished Creatures
  2 gnolls (D:2)
  2 dart slugs (D:1)
  4 bats
  An endoplasm (D:1)
  2 giant cockroaches (D:1)
  2 hobgoblins (D:1)
  3 quokkas (D:1)
  2 ball pythons
  A frilled lizard (D:1)
  3 kobolds
  3 rats (D:1)
25 creatures vanquished.

Notes
Turn   | Place    | Note
-------+----------+-------------------------------------------
     0 | D:1      | IdlyInterested the Demonspawn Fighter began the quest for
                  | the Orb.
     0 | D:1      | Reached XP level 1. HP: 18/18 MP: 1/1
   103 | D:1      | Gained mutation: You have a small tail. [demonic ancestry]
   103 | D:1      | Reached XP level 2. HP: 24/24 MP: 2/2
   285 | D:1      | Reached skill level 1 in Dodging
   537 | D:1      | Found a faded altar of an unknown god.
   922 | D:2      | Gained mutation: A meltable shield of frost defends you.
                  | (SH +4) [demonic ancestry]
   922 | D:2      | Reached XP level 3. HP: 29/29 MP: 3/3
   980 | D:2      | Reached skill level 1 in Stealth
  1052 | D:2      | Reached skill level 1 in Evocations
  1055 | D:2      | Slain by a gnoll

Illustrated notes

Levels and vault maps discovered:
D:1:      spicycebolla_arrival_transporter_tutorial, layout_basic,
          dreamdust_ecumenical_altar_hidden_monk_grotto
D:2:      layout_basic, chequers_serial_rivers_room_a

Skill      XL: |  1  2  3 |
---------------+----------+-----
Armour         | 3 |  3.0
Dodging        | 1 |  1.0
Stealth        | 1 |  1.0
Evocations     | 1 |  1.0
Fighting       | |  3.7
Shields        | |  2.6
Unarmed Combat | |  1.7

Action                     || total
---------------------------++-------
  Melee: Unarmed           ||   120
         Tailslap          ||    14
    Use: Scroll            ||     1
         Potion            ||     1
 Armour: Scale mail        ||    77
  Dodge: Dodged            ||    30
  Block: Buckler           ||    17
         Tower shield      ||    42

Table legend: (Time is in decaauts)
 A = Elapsed time spent in this place.
 B = Non-inter-level travel time spent in this place.
 C = Inter-level travel time spent in this place.
 D = Time resting spent in this place.
 E = Time spent auto-exploring this place.
 F = Levels seen in this place.
 G = Mean time per level.
                   A        B        C        D        E       F      G
               +--------+--------+--------+--------+--------+-----+--------+
         Total |   1070 |   1030 |     40 |     27 |    717 |   2 |  535.0 |
       Dungeon |   1070 |   1030 |     40 |     27 |    717 |   2 |  535.0 |
               +--------+--------+--------+--------+--------+-----+--------+

Top non-repeatable levels by time:
     D:1: 841 daAuts
     D:2: 228 daAuts
